 Dungeon Crawl Stone Soup version 0.30.0-19-g36f170ea60 (webtiles) character file.

Game seed: 8997888577169176041

856 monsoonserge the Changer (level 8, -1/60 HPs)
             Began as a Gnoll Wanderer on May 29, 2023.
             Was a Believer of Sif Muna.
             Slain by a gnoll
             ... wielding a +0 halberd
             ... led by a gnoll bouda
              (7 damage)
             ... on level 5 of the Dungeon.
             The game lasted 00:15:51 (4042 turns).

monsoonserge the Changer (Gnoll Wanderer)           Turns: 4042, Time: 00:15:52

Health: -1/60      AC: 14    Str: 12    XL:     8   Next: 2%
Magic:  14/14      EV:  7    Int: 13    God:    Sif Muna [**....]
Gold:   215        SH:  0    Dex: 12    Spells: 12/15 levels left

rFire   . . .        y - +0 war axe
rCold   . . .        (no shield)
rNeg    . . .        B - +0 chain mail
rPois   .            m - +0 helmet
rElec   .            q - +2 cloak
rCorr   .            b - +0 pair of gloves
SInv    .            (no boots)
Will    .....        d - amulet of magic regeneration Stlth
                     (no ring)
HPRegen 0.30/turn    (no ring)
MPRegen 0.54/turn

%: no passive effects
@: mighty, weakened
A: fangs 1, strong nose, distributed training
a: Renounce Religion, Channel Magic


You were on level 5 of the Dungeon.
You worshipped Sif Muna.
Sif Muna was pleased with you.
You visited 1 branch of the dungeon, and saw 6 of its levels.

You collected 215 gold pieces.

Inventory:

Hand Weapons
 y - a +0 war axe (weapon)
 D - a +1 mace of protection
Missiles
 g - 11 poisoned darts (quivered)
 E - a throwing net
Armour
 a - a +0 scale mail
 b - a +0 pair of gloves (worn)
 h - a +0 ring mail
 j - a +0 plate armour
 m - a +0 helmet (worn)
 q - a +2 cloak (worn)
 v - a +0 crystal plate armour
 B - a +0 chain mail (worn)
Jewellery
 d - an amulet of magic regeneration (around neck)
Scrolls
 f - a scroll of amnesia
 i - a scroll of blinking
 k - a scroll of silence {unknown}
 n - 2 scrolls of identify {unknown}
 p - 2 scrolls of poison {unknown}
 s - a scroll of enchant armour {unknown}
 t - a scroll of magic mapping {unknown}
 u - 2 scrolls of teleportation {unknown}
 C - a scroll of immolation {unknown}
Potions
 c - 7 potions of curing
 l - 2 potions of flight {unknown}
 o - a potion of haste {unknown}
 r - a potion of resistance {unknown}
 w - a potion of brilliance {unknown}
 x - 2 potions of heal wounds
 z - a potion of ambrosia {unknown}
 A - a potion of lignification {unknown}


   Skills:
 + Level 4.0 Fighting
 + Level 3.0 Short Blades
 + Level 3.0 Long Blades
 + Level 5.5 Axes
 + Level 3.0 Maces & Flails
 + Level 3.0 Polearms
 + Level 3.0 Staves
 + Level 3.0 Ranged Weapons
 + Level 3.0 Throwing
 + Level 3.0 Armour
 + Level 3.0 Dodging
 + Level 3.8 Stealth
 + Level 3.0 Shields
 + Level 3.0 Unarmed Combat
 + Level 4.1 Spellcasting
 + Level 2.4 Conjurations
 + Level 2.4 Hexes
 + Level 2.4 Summonings
 + Level 2.4 Necromancy
 + Level 2.4 Translocations
 + Level 7.5 Transmutations
 + Level 2.4 Fire Magic
 + Level 2.4 Ice Magic
 + Level 2.4 Air Magic
 + Level 2.4 Earth Magic
 + Level 2.4 Poison Magic
 + Level 3.3 Invocations
 + Level 4.0 Evocations


You had 12 spell levels left.
You knew the following spells:

 Your Spells              Type           Power      Damage    Failure   Level
a - Beastly Appendage     Tmut           44%        N/A       22%         1
b - Wereblood             Tmut           22%        N/A       32%         2

Your spell library contained the following spells:

 Spells                   Type           Power      Damage    Failure   Level
 Apportation              Tloc           18%        N/A       87%         1
 Necrotise                Necr           36%        1d5       87%         1
 Summon Small Mammal      Summ           36%        N/A       87%         1
 Static Discharge         Conj/Air       18%        2-3/arc   95%         2
 Call Canine Familiar     Summ           9%         N/A       99%         3
 Summon Guardian Golem    Hex/Summ       9%         N/A       99%         3
 Petrify                  Tmut/Erth      15%        N/A       99%         4
 Airstrike                Air            4%         2d(1-17)  100%        4
 Summon Lightning Spire   Summ/Air       9%         N/A       100%        4


Dungeon Overview and Level Annotations

Branches:
Dungeon (6/15)             Temple (0/1) D:4

Altars:
Kikubaaqudgha
Sif Muna

Shops:
D:2 :   D:4 =


Innate Abilities, Weirdness & Mutations

You have very sharp teeth.
Your uncanny sense of smell can sniff out nearby items.
Your experience applies equally to all skills.


Message History

You hit the gnoll. You completely miss the gnoll.
The gnoll hits you with a +0 whip.
Unknown command.
You slash the gnoll bouda!
The gnoll bouda is almost dead.
You slash the gnoll! You hit the gnoll. The gnoll hits you but does no damage.
The gnoll closely misses you. The gnoll bouda barely misses you.
Unknown command.
You closely miss the gnoll bouda.
You bite the gnoll bouda, but do no damage.
The gnoll bouda is almost dead.
You hit the gnoll. x2
You kill the gnoll!
Sif Muna accepts your kill.
You closely miss the gnoll. The gnoll hits you but does no damage.
The gnoll hits you with a +0 club.
The gnoll hits you from afar with a +0 halberd.
* * * LOW HITPOINT WARNING * * *
The gnoll bouda calls upon its god to heal the gnoll.
The gnoll's wounds heal themselves!
Unknown command.
You barely miss the gnoll bouda.
The gnoll bouda is almost dead.
You barely miss the gnoll. You hit the gnoll.
The gnoll hits you but does no damage. The gnoll barely misses you.
The gnoll closely misses you.
The gnoll bouda barks out a call to the hunt!
The gnolls pick up the pace!
The gnoll hits you but does no damage.
The gnoll hits you from afar with a +0 halberd.
* * * LOW HITPOINT WARNING * * *
The gnoll bouda hits you with a +0 club.
* * * LOW HITPOINT WARNING * * *
The gnoll hits you but does no damage.
You hit the gnoll bouda.
You kill the gnoll bouda!
Sif Muna accepts your kill.
You hit the gnoll. x2; The gnoll hits you but does no damage.
The gnoll hits you from afar with a +0 halberd!
You die...

∆ ∆ ## ∆ ... ##
### ..## .
##+#..####.....
.......)gg.c...
########@.#
#######
#.......g##
......#
#.######.#
#####.###.##
#.#
...#.......#
..#
##.##...####
### ...##.....#
.########## .#


You could see a centaur and 3 gnolls.

Vanquished Creatures
  2 black bears
  2 scorpions
  3 orc priests
  3 hounds
  2 gnoll boudas (D:5)
  3 iguanas
  An orc wizard (D:5)
  6 gnolls (D:5)
  7 adders
  2 ufetubi (D:4)
  A dart slug (D:2)
  2 worms
  13 orcs
  9 endoplasms
  2 giant cockroaches
  8 goblins
  13 hobgoblins
  2 jackals (D:5)
  2 kobolds
  4 quokkas
  7 ball pythons
  6 bats
  4 frilled lizards
  9 rats
113 creatures vanquished.

Notes
Turn   | Place    | Note
-------+----------+-------------------------------------------
     0 | D:1      | monsoonserge the Gnoll Wanderer began the quest for the
                  | Orb.
     0 | D:1      | monsoonserge set off with the following items: a +0 hand
                  | axe, a +0 pair of gloves, a potion of curing, a +0 robe;
                  | and the following spell memorised: Beastly Appendage; and
                  | the following spells available to memorise: Wereblood,
                  | Petrify.
     0 | D:1      | Reached XP level 1. HP: 17/17 MP: 4/4
   196 | D:1      | Reached XP level 2. HP: 23/23 MP: 5/5
   204 | D:1      | Learned a level 2 spell: Wereblood
   895 | D:2      | Found Vil Will's Book Shoppe.
   986 | D:2      | Reached XP level 3. HP: 17/28 MP: 7/7
  1087 | D:2      | Reached skill level 1 in Invocations
  1194 | D:2      | Reached skill level 1 in Short Blades
  1194 | D:2      | Reached skill level 1 in Long Blades
  1194 | D:2      | Reached skill level 1 in Maces & Flails
  1194 | D:2      | Reached skill level 1 in Polearms
  1194 | D:2      | Reached skill level 1 in Staves
  1194 | D:2      | Reached skill level 1 in Ranged Weapons
  1194 | D:2      | Reached skill level 1 in Throwing
  1194 | D:2      | Reached skill level 1 in Armour
  1194 | D:2      | Reached skill level 1 in Dodging
  1194 | D:2      | Reached skill level 1 in Shields
  1194 | D:2      | Reached skill level 1 in Unarmed Combat
  1541 | D:3      | Found an ancient bone altar of Kikubaaqudgha.
  1551 | D:3      | Reached XP level 4. HP: 34/34 MP: 8/8
  1837 | D:3      | Reached skill level 1 in Conjurations
  1837 | D:3      | Reached skill level 1 in Hexes
  1837 | D:3      | Reached skill level 1 in Summonings
  1837 | D:3      | Reached skill level 1 in Necromancy
  1837 | D:3      | Reached skill level 1 in Translocations
  1837 | D:3      | Reached skill level 1 in Fire Magic
  1837 | D:3      | Reached skill level 1 in Ice Magic
  1837 | D:3      | Reached skill level 1 in Air Magic
  1837 | D:3      | Reached skill level 1 in Earth Magic
  1837 | D:3      | Reached skill level 1 in Poison Magic
  2005 | D:3      | Found a faded altar of an unknown god.
  2011 | D:3      | Noticed a black bear
  2012 | D:3      | Prayed at the altar of an unknown god.
  2012 | D:3      | Became a worshipper of Sif Muna the Loreminder
  2012 | D:3      | Reached * piety under Sif Muna
  2025 | D:3      | Killed a black bear
  2026 | D:3      | Reached XP level 5. HP: 31/41 MP: 9/9
  2517 | D:4      | HP: 1/41 [orc/+0 trident (2)]
  2521 | D:4      | Reached XP level 6. HP: 2/47 MP: 11/11
  2524 | D:4      | HP: 1/47 [orc/+0 trident (3)]
  2546 | D:4      | HP: 2/47 [frozen (5)]
  2730 | D:3      | Reached skill level 5 in Axes
  2986 | D:4      | Reached ** piety under Sif Muna
  3175 | D:4      | Reached XP level 7. HP: 51/52 MP: 12/12
  3223 | D:4      | Found Atsoh Neac's Jewellery Shop.
  3350 | D:4      | Found a staircase to the Ecumenical Temple.
  3352 | D:4      | You fall into a shaft and drop 2 floors!
  3375 | D:5      | Entered Level 5 of the Dungeon
  3781 | D:5      | Reached XP level 8. HP: 9/60 MP: 14/14
  4042 | D:5      | Slain by a gnoll

Illustrated notes

Levels and vault maps discovered:
D:1:      dpeg_arrival_shelter, layout_basic
D:2:      layout_rooms, serial_shops, nicolae_shop_window_shopping
D:3:      minmay_recursive_quarters, layout_loops_ring,
          mainiacjoe_overflow_catwalk, dreamdust_ecumenical_altar_grove
D:4:      layout_rooms, minmay_temple_entry_poolview, serial_shops,
          nicolae_shop_tiny_glass
D:5:      corexii_shantytown, layout_basic, led_sif_book,
          nicolae_elevator_lobby_asterisk
D:6:      layout_loops_corners, kennysheep_mini, mainiacjoe_overflow_paths,
          nicolae_overflow_two_pavilions

Skill      XL: |  1  2  3  4  5  6  7 |
---------------+----------------------+-----
Invocations    | 1 2 3 |  3.3
Short Blades   | 1 2 3 |  3.0
Long Blades    | 1 2 3 |  3.0
Maces & Flails | 1 2 3 |  3.0
Polearms       | 1 2 3 |  3.0
Staves         | 1 2 3 |  3.0
Ranged Weapons | 1 2 3 |  3.0
Throwing       | 1 2 3 |  3.0
Armour         | 1 2 3 |  3.0
Dodging        | 1 2 3 |  3.0
Shields        | 1 2 3 |  3.0
Unarmed Combat | 1 2 3 |  3.0
Spellcasting   | 3 4 |  4.1
Conjurations   | 1 2 |  2.4
Hexes          | 1 2 |  2.4
Summonings     | 1 2 |  2.4
Necromancy     | 1 2 |  2.4
Translocations | 1 2 |  2.4
Fire Magic     | 1 2 |  2.4
Ice Magic      | 1 2 |  2.4
Air Magic      | 1 2 |  2.4
Earth Magic    | 1 2 |  2.4
Poison Magic   | 1 2 |  2.4
Fighting       | 3 4 |  4.0
Evocations     | 3 4 |  4.0
Stealth        | 3 |  3.8
Axes           | 5 |  5.5
Transmutations | |  7.5

Action                     |  1- 3 |  4- 6 |  7- 9 || total
---------------------------+-------+-------+-------++-------
  Melee: Hand axe          |   119 |   168 |       ||   287
         Bite              |    16 |    20 |    15 ||    51
         Kick              |     1 |    10 |    12 ||    23
         Punch             |     1 |     4 |     2 ||     7
         Headbutt          |       |     8 |     8 ||    16
         War axe           |       |    37 |   107 ||   144
  Throw: Dart              |       |       |     7 ||     7
   Cast: Beastly Appendage |     3 |     5 |     4 ||    12
         Wereblood         |       |     1 |       ||     1
    Use: Potion            |       |     2 |     1 ||     3
         Scroll            |       |     2 |       ||     2
   Stab: Sleeping          |     2 |       |       ||     2
 Armour: Robe              |     3 |       |       ||     3
         Plate armour      |    32 |       |       ||    32
         Ring mail         |    44 |   109 |     7 ||   160
         Chain mail        |       |       |    93 ||    93
  Dodge: Dodged            |    53 |   133 |    55 ||   241
